General information
- name: BNet
- type: Ladder team game (AT/RT)
- host: Battle.net
- saver: Miles_Edgeworth
map: BloodstoneMesa
- players: 6
- length: 16:36
- speed: Fast
- version: 1.24 W3XP
- replay type: Public
» download(106 KB)
Players
team 1 (loser)

»
FIRSTRANKC0MING (
orange | 75 APM | 1241 actions | 16:34)
4 Priestess of the Moon
2 Searing Arrows
2 Trueshot Aura
1 Mountain King
1 Thunder Clap
» actions
| Assign group hotkey | 31 | |
| Basic commands | 29 | |
| Build / train | 99 | |
| ESC pressed | 8 | |
| Enter build submenu | 14 | |
| Enter hero's abilities submenu | 5 | |
| Right click | 492 | |
| Select / deselect | 331 | |
| Select group hotkey | 180 | |
| Use ability | 52 | |
1241 total
» units
| Wisp | 22 | |
| Huntress | 19 | |
| Archer | 35 | |
| Peasant | 5 | |
| Gryphon Rider | 2 | |
| Rifleman | 6 | |
89 total
» buildings
| Altar of Elders | 1 | |
| Moon Well | 4 | |
| Ancient of War | 2 | |
| Hunter's Hall | 1 | |
| Ancient Protector | 5 | |
13 total
» build order
00:04 Altar of Elders
00:18 Moon Well
01:11 Ancient of War
01:45 Hunter's Hall
02:06 Ancient of War
02:16 Moon Well
02:54 Ancient Protector
03:07 Moon Well
05:29 Moon Well
07:55 Ancient Protector
07:55 Ancient Protector
08:56 Ancient Protector
09:30 Ancient Protector

»
FOCUSMYHEAD (
red | 88 APM | 1008 actions | 11:28)
3 Archmage
2 Summon Water Elemental
1 Brilliance Aura
» actions
| Assign group hotkey | 18 | |
| Basic commands | 8 | |
| Build / train | 48 | |
| Enter build submenu | 27 | |
| Enter hero's abilities submenu | 3 | |
| Remove unit from queue | 2 | |
| Right click | 427 | |
| Select / deselect | 260 | |
| Select group hotkey | 152 | |
| Use ability | 62 | |
1008 total
» units
» upgrades
» buildings
| Altar of Kings | 1 | |
| Barracks | 1 | |
| Farm | 3 | |
| Lumber Mill | 1 | |
| Scout Tower | 12 | |
| Guard Tower | 16 | |
| Keep | 1 | |
| Town Hall | 1 | |
| Gryphon Aviary | 2 | |
| Castle | 1 | |
| Blacksmith | 1 | |
40 total
» build order
00:12 Altar of Kings
00:21 Barracks
00:30 Farm
01:10 Farm
01:22 Lumber Mill
01:50 Scout Tower
01:57 Farm
02:32 Guard Tower
02:34 Scout Tower
03:11 Scout Tower
03:27 Guard Tower
03:28 Guard Tower
03:40 Guard Tower
03:45 Scout Tower
03:58 Scout Tower
04:14 Scout Tower
04:15 Guard Tower
04:58 Scout Tower
05:02 Guard Tower
05:19 Guard Tower
06:02 Keep
07:34 Guard Tower
07:39 Town Hall
07:52 Scout Tower
08:19 Scout Tower
08:20 Guard Tower
08:50 Guard Tower
08:52 Scout Tower
09:21 Gryphon Aviary
09:26 Castle
09:42 Guard Tower
09:44 Scout Tower
10:00 Scout Tower
10:08 Gryphon Aviary
10:27 Blacksmith
11:05 Guard Tower
11:06 Guard Tower

»
MyStyLe- (
pink | 57 APM | 661 actions | 11:39)
1 Mountain King
1 Storm Bolt
» actions
| Assign group hotkey | 44 | |
| Basic commands | 2 | |
| Build / train | 23 | |
| Enter build submenu | 10 | |
| Enter hero's abilities submenu | 1 | |
| Remove unit from queue | 2 | |
| Right click | 302 | |
| Select / deselect | 128 | |
| Select group hotkey | 125 | |
| Use ability | 24 | |
661 total
» units
» buildings
| Blacksmith | 1 | |
| Barracks | 2 | |
| Altar of Kings | 1 | |
| Farm | 4 | |
| Scout Tower | 1 | |
| Lumber Mill | 1 | |
| Guard Tower | 3 | |
| Keep | 0 | |
13 total
» build order
00:53 Blacksmith
00:56 Barracks
01:03 Altar of Kings
01:11 Farm
02:10 Farm
02:39 Farm
02:45 Scout Tower
03:04 Lumber Mill
03:22 Farm
04:02 Barracks
04:09 Guard Tower
04:09 Guard Tower
05:27 Keep
team 2 (winner)

»
ANGRYHORACIONES (
blue | 35 APM | 583 actions | 16:35)
3 Archmage
2 Summon Water Elemental
1 Brilliance Aura
» actions
| Assign group hotkey | 2 | |
| Basic commands | 34 | |
| Build / train | 15 | |
| Enter build submenu | 6 | |
| Enter hero's abilities submenu | 4 | |
| Right click | 352 | |
| Select / deselect | 113 | |
| Select group hotkey | 30 | |
| Use ability | 27 | |
583 total
» units
» buildings
» build order
00:05 Altar of Kings
00:07 Farm
09:21 Farm
» items
| Lesser Clarity Potion | 1 | |
| Scroll of Regeneration | 2 | |
3 total

»
darkwasp (
green | 71 APM | 1178 actions | 16:35)
3 Mountain King
2 Storm Bolt
1 Bash
» actions
| Assign group hotkey | 384 | |
| Basic commands | 2 | |
| Build / train | 22 | |
| Enter build submenu | 6 | |
| Enter hero's abilities submenu | 3 | |
| Right click | 480 | |
| Select / deselect | 163 | |
| Select group hotkey | 73 | |
| Use ability | 45 | |
1178 total
» units
» buildings
| Altar of Kings | 1 | |
| Farm | 1 | |
| Arcane Vault | 1 | |
| Scout Tower | 3 | |
| Arcane Tower | 1 | |
7 total
» build order
00:09 Altar of Kings
00:12 Farm
02:41 Arcane Vault
02:46 Scout Tower
02:47 Scout Tower
05:56 Scout Tower
06:24 Arcane Tower
» items
| Rod of Necromancy | 1 | |
| Potion of Healing | 2 | |
| Lesser Clarity Potion | 1 | |
4 total

»
Miles_Edgeworth (
yellow | 153 APM | 2533 actions | 16:36)
5 Death Knight
3 Death Coil
2 Unholy Aura
5 Lich
3 Frost Nova
2 Frost Armor
» actions
| Assign group hotkey | 18 | |
| Basic commands | 78 | |
| Build / train | 50 | |
| Enter build submenu | 22 | |
| Enter hero's abilities submenu | 10 | |
| Right click | 882 | |
| Select / deselect | 308 | |
| Select group hotkey | 1115 | |
| Use ability | 50 | |
2533 total
» units
| Acolyte | 4 | |
| Ghoul | 1 | |
| Gargoyle | 8 | |
| Frost Wyrm | 4 | |
| Abomination | 2 | |
| Crypt Fiend | 2 | |
21 total
» upgrades
| Creature Attack | 3 | |
| Creature Carapace | 2 | |
| Freezing Breath | 1 | |
| Web | 1 | |
7 total
» buildings
| Crypt | 5 | |
| Halls of the Dead | 1 | |
| Graveyard | 1 | |
| Altar of Darkness | 1 | |
| Ziggurat | 7 | |
| Tomb of Relics | 1 | |
| Black Citadel | 1 | |
| Nerubian Tower | 1 | |
| Sacrificial Pit | 1 | |
| Boneyard | 2 | |
| Slaughterhouse | 1 | |
| Spirit Tower | 1 | |
23 total
» build order
00:24 Crypt
00:35 Halls of the Dead
00:39 Crypt
00:52 Graveyard
01:09 Altar of Darkness
01:23 Ziggurat
01:26 Tomb of Relics
01:41 Crypt
01:44 Crypt
01:56 Crypt
02:04 Ziggurat
02:06 Ziggurat
03:08 Black Citadel
03:33 Nerubian Tower
03:48 Ziggurat
05:37 Sacrificial Pit
06:30 Boneyard
06:30 Boneyard
06:51 Slaughterhouse
07:06 Ziggurat
07:06 Ziggurat
07:07 Ziggurat
15:54 Spirit Tower
» items
| Rod of Necromancy | 1 | |
| Potion of Healing | 2 | |
| Orb of Corruption | 1 | |
| Scroll of Town Portal | 1 | |
| Scroll of Healing | 1 | |
6 total
Chat log
(00:03 / Allies) darkwasp: hu
(00:05 / Allies) Miles_Edgeworth: ud
(00:05 / Allies) darkwasp: feed
(00:06 / Allies) Miles_Edgeworth: we feeding?
(00:16 / Allies) darkwasp: y
(00:17 / Allies) ANGRYHORACIONES: feed who
(00:18 / All) FOCUSMYHEAD: when ic my name join a game
(00:19 / Allies) Miles_Edgeworth: me
(00:21 / Allies) darkwasp: that was the plan
(00:26 / All) FOCUSMYHEAD: im scare to play vs myself
(00:56 / Allies) darkwasp: whos out optimal harassing hero
(01:01 / Allies) darkwasp: am?
(01:02 / Allies) darkwasp: or mk
(01:05 / Allies) Miles_Edgeworth: maybe both
(01:11 / Allies) Miles_Edgeworth: keep feeding plz?
(01:18 / Allies) darkwasp: my b
(01:45 / Allies) darkwasp: i hope im not too late
(01:57 / Allies) Miles_Edgeworth: like ok
(01:58 / Allies) darkwasp: hu
(02:00 / Allies) Miles_Edgeworth: if you have100 lumber i need that sooner
(02:01 / Allies) darkwasp: rofl
(02:13 / Allies) darkwasp: lets go
(02:16 / Allies) Miles_Edgeworth: ?
(02:21 / Allies) darkwasp: elf
(02:26 / Allies) ANGRYHORACIONES: shud i go blizz or elem
(02:42 / Allies) darkwasp: we
(02:51 / Allies) Miles_Edgeworth: alright nearly there
(02:57 / Allies) darkwasp: hu
(02:58 / Allies) darkwasp: foots
(03:02 / Allies) Miles_Edgeworth: hmm ok
(03:04 / Allies) Miles_Edgeworth: gargs on the way out
(03:10 / Allies) Miles_Edgeworth: keep feeding please
(03:50 / Allies) ANGRYHORACIONES: ?
(03:51 / Allies) ANGRYHORACIONES: where to
(04:05 / Allies) ANGRYHORACIONES: ?
(04:09 / Allies) Miles_Edgeworth: k i'm going
(04:58 / Allies) Miles_Edgeworth: should i tp
(05:02 / Allies) Miles_Edgeworth: too mayn tower
(05:02 / Allies) darkwasp: trade it
(05:03 / Allies) ANGRYHORACIONES: yea
(05:04 / Allies) Miles_Edgeworth: i can't
(05:42 / Allies) darkwasp: h feed him
(06:09 / Allies) Miles_Edgeworth: uh oh.
(06:20 / Allies) Miles_Edgeworth: yeah i'm a dope gg
(06:35 / Allies) darkwasp: keep going
(07:22 / Allies) darkwasp: kill peons
(07:25 / Allies) darkwasp: no the rax
(07:47 / Allies) darkwasp: no bolt
(07:49 / Allies) Miles_Edgeworth: k
(08:00 / Allies) Miles_Edgeworth: k going to tp
(08:01 / Allies) darkwasp: get the next one
(08:06 / Allies) darkwasp: h
(08:11 / Allies) darkwasp: next
(08:21 / Allies) Miles_Edgeworth: gold me now
(08:29 / Allies) darkwasp: gold gim h
(08:38 / Allies) darkwasp: mk
(08:59 / Allies) darkwasp: am
(09:11 / Allies) Miles_Edgeworth: k that works
(09:13 / Allies) darkwasp: get the human
(09:16 / Allies) Miles_Edgeworth: going
(09:24 / Allies) Miles_Edgeworth: uhh ok now it's 2v1 here we go
(09:41 / Allies) darkwasp: 6 tower
(09:46 / Allies) Miles_Edgeworth: well get ina asec
(09:50 / Allies) ANGRYHORACIONES: 100
(09:51 / Allies) ANGRYHORACIONES: me
(10:04 / Allies) Miles_Edgeworth: oh nmo.
(10:06 / Allies) Miles_Edgeworth: gotta kill that
(10:16 / Allies) ANGRYHORACIONES: 100 me
(10:39 / Allies) darkwasp: wyrm can break his base gogo
(10:43 / Allies) Miles_Edgeworth: ok i will
(10:45 / Allies) Miles_Edgeworth: in a momnet
(10:47 / Allies) Miles_Edgeworth: you got?
(10:50 / Allies) darkwasp: ill finish it
(10:52 / Allies) Miles_Edgeworth: k
(11:08 / All) FOCUSMYHEAD: WTF
(11:16 / Allies) darkwasp: hmm
(11:31 / Allies) darkwasp: oh my
(11:44 / Allies) darkwasp: YESS
(11:47 / Allies) ANGRYHORACIONES: lmao
(11:49 / Allies) darkwasp: YESS
(11:51 / Allies) darkwasp: YESS
(12:05 / Allies) Miles_Edgeworth: wtf was he trying to go?
(12:20 / Allies) darkwasp: AM
(12:22 / Allies) ANGRYHORACIONES: 100 me
(13:01 / Allies) Miles_Edgeworth: can you finish
(13:04 / Allies) Miles_Edgeworth: after hall
(13:05 / All) FIRSTRANKC0MING: can u guys free win plz?
(13:06 / Allies) darkwasp: THE HALL
(13:07 / Allies) darkwasp: YES
(13:09 / Allies) darkwasp: LOL
(13:16 / Allies) darkwasp: IS HE SERIOUS
(13:22 / Allies) Miles_Edgeworth: he is tier 1
(13:22 / All) FIRSTRANKC0MING: ?
(13:22 / Allies) Miles_Edgeworth: hahah
(13:29 / Allies) darkwasp: NICE PLAYING JEFF
(13:35 / Allies) Miles_Edgeworth: hah
(13:44 / Allies) darkwasp: HACKER DOWN
(14:33 / All) FIRSTRANKC0MING: can u guys free win or not?
(14:35 / All) Miles_Edgeworth: no
(14:44 / All) FIRSTRANKC0MING: why?
(14:55 / All) FIRSTRANKC0MING: plz
(15:05 / All) FIRSTRANKC0MING: ur guys go lose r2 proly
(15:34 / Allies) Miles_Edgeworth: where is mk?
(15:39 / Allies) darkwasp: mine?
(15:40 / Allies) Miles_Edgeworth: yes.
(15:41 / Allies) darkwasp: he came after it
(15:43 / All) FIRSTRANKC0MING: just leave plz
(15:50 / Allies) Miles_Edgeworth: he still has units?
(15:53 / Allies) darkwasp: yes
(15:55 / Allies) darkwasp: potm
(15:56 / Allies) darkwasp: hunts
(15:57 / Allies) darkwasp: arch
(16:21 / Allies) darkwasp: want me shading?
(16:23 / Allies) Miles_Edgeworth: sure.